 Dungeon Crawl Stone Soup version 0.19.5 (webtiles) character file.

1367 djnw the Caller (level 8, 0/52 HPs)
             Began as a Mummy Summoner on Mar 25, 2017.
             Was a Follower of Sif Muna.
             Slain by a hound zombie (2 damage)
             ... on level 7 of the Dungeon.
             The game lasted 00:25:11 (8073 turns).

djnw the Caller (Mummy Summoner)                    Turns: 8073, Time: 00:25:11

Health: 0/52       AC:  7    Str: 11    XL:     8   Next: 38%
Magic:  3/15       EV: 13    Int: 16    God:    Sif Muna [*.....]
Gold:   383        SH:  2    Dex: 13    Spells: 4 memorised, 7 levels left

rFire  x . .     SeeInvis .     k - +1 rapier
rCold  + . .     Gourm    .     a - +0 robe
rNeg   + + +     Faith    .     (no shield)
rPois  ∞         Spirit   .     (no helmet)
rElec  .         Reflect  +     n - +2 cloak
rCorr  .         Harm     .     g - +1 pair of gloves
MR     +....                    (no boots)
Stlth  ++........               d - +2 amulet of reflection
                                (no ring)
                                e - +1 ring of evasion

@: about to teleport
A: no food or potions, fire vulnerability, cold resistance 1, negative energy
resistance 3, torment resistance, unbreathing
a: Divine Energy, Renounce Religion


You were on level 7 of the Dungeon.
You worshipped Sif Muna.
Sif Muna was aware of your devotion.
You were not hungry.

You visited 2 branches of the dungeon, and saw 8 of its levels.
You also visited: Sewer.

You collected 383 gold pieces.

Inventory:

Hand Weapons
 k - a +1 rapier (weapon)
 u - a -2 morningstar of crushing
Armour
 a - a +0 robe (worn)
 g - a +1 pair of gloves (worn)
 n - a +2 cloak (worn)
Jewellery
 d - a +2 amulet of reflection (around neck)
 e - a +1 ring of evasion (left hand)
 h - an uncursed ring of ice {unknown}
 l - a +2 ring of protection
 m - an uncursed amulet of faith {unknown}
 o - an uncursed ring of protection from fire {unknown}
Wands
 j - a wand of random effects (23/48)
 t - a wand of flame (28/48)
 v - a wand of teleportation (2/9)
Scrolls
 c - 5 scrolls of remove curse
 f - 2 scrolls of amnesia
 i - 3 scrolls of recharging
 p - 2 scrolls of identify
 s - a scroll of enchant armour
Books
 b - a book of Callings

   Spells                             Type                      Level
   a - Summon Small Mammal            Summoning                    1
   b - Call Imp                       Summoning                    2
   c - Call Canine Familiar           Summoning                    3
   d - Summon Guardian Golem          Hexes/Summoning              3
   e - Summon Lightning Spire         Summoning/Air                4
   f - Summon Ice Beast               Ice/Summoning                4
 r - a book of Misfortune

   Spells                             Type                      Level
   a - Confusing Touch                Hexes                        1
   b - Confuse                        Hexes                        3
   c - Gell's Gravitas                Hexes/Translocation          3
   d - Petrify                        Transmutation/Earth          4
   e - Metabolic Englaciation         Hexes/Ice                    5
   f - Yara's Violent Unravelling     Hexes/Transmutation          5


   Skills:
 - Level 1.5 Dodging
 - Level 1.5 Stealth
 + Level 5.2 Spellcasting
 + Level 7.1 Summonings
 * Level 3.6 Ice Magic


You had 7 spell levels left.
You knew the following spells:

 Your Spells              Type           Power        Failure   Level  Hunger
a - Summon Small Mammal   Summ           ####         1%          1    N/A
b - Call Imp              Summ           ####....     1%          2    N/A
c - Call Canine Familiar  Summ           ####....     2%          3    N/A
d - Summon Ice Beast      Ice/Summ       ###.....     17%         4    N/A

Dungeon Overview and Level Annotations

Branches:
Dungeon (7/15)             Temple (1/1) D:5

Altars:
Ashenzari
Cheibriados
Elyvilon
Hepliaklqana
Kikubaaqudgha
Makhleb
Nemelex Xobeh
Okawaru
Qazlal
Ru
Sif Muna
Trog
Uskayaw
Vehumet
Xom
Yredelemnul
Zin
The Shining One

Shops:
D:5 [   D:6 }


Innate Abilities, Weirdness & Mutations

You do not eat or drink.
Your flesh is vulnerable to fire.
You are immune to poison.
Your flesh is cold resistant. (rC+)
You are immune to negative energy. (rN+++)
You are immune to unholy pain and torment.
You can survive without breathing.


Message History

* * * LOW HITPOINT WARNING * * *
An orc comes into view. It is wielding a dagger.
You hit the hound zombie.
The hound zombie is heavily damaged.
The hound zombie closely misses you. The iguana closely misses you.
Unknown command.
You hit the hound zombie.
The hound zombie is severely damaged.
The hound zombie closely misses you. The iguana completely misses you.
The hound zombie bites you but does no damage.
An orc comes into view. It is wielding a dagger.
Unknown command.
As you read the scroll of teleportation, it crumbles to dust.
You feel strangely unstable. The hound zombie closely misses you.
The iguana barely misses you.
An orc priest comes into view. It is wielding a mace.
You completely miss the hound zombie.
The hound zombie is severely damaged.
The hound zombie bites you.
You die...

.. .. #. ##o# #.
#.o # #. #.# # #
#.##(##.# # ##
#.((o...# # .#
####c#### . .##
#l# # #.# ######@#
#####.#####....Z.#
............######
.###.########
#..(## ####


You could see a centaur, an iguana, an orc priest, 2 orcs and a hound zombie.

Vanquished Creatures
  An ogre (D:4)
  A bullfrog (D:6)
  4 scorpions (D:6)
  2 hounds
  2 worker ants
  A hound skeleton (D:4)
  8 adders
  An adder zombie (D:5)
  2 worms
  A dart slug (D:5)
  2 leopard geckos
  2 orcs
  4 giant cockroaches
  3 goblins
  2 hobgoblins
  2 jackals
  5 kobolds
  A quokka (D:4)
  6 bats
  A giant cockroach zombie (D:5)
  5 rats
  3 fungi (D:6)
59 creatures vanquished.

Vanquished Creatures (collateral kills)
  Grinder (D:6)
  Edmund (D:5)
  A phantom (D:5)
  A necrophage (D:6)
  An ogre (D:6)
  2 centaurs
  A crocodile (Sewer)
  A bullfrog (D:5)
  3 crimson imps
  3 hounds
  Crazy Yiuf (D:3)
  A bullfrog skeleton (D:5)
  A centaur skeleton (D:4)
  2 iguanas (D:6)
  2 worker ants
  4 gnolls (D:3)
  9 adders
  An adder zombie (D:5)
  2 oozes (D:2)
  A worm (D:6)
  A dart slug (D:4)
  4 leopard geckos
  4 orcs (D:3)
  4 giant cockroaches
  6 goblins
  3 hobgoblins
  6 jackals
  3 bats
  5 frilled lizards
  4 kobolds
  A leopard gecko zombie (D:5)
  A quokka skeleton (D:5)
81 creatures vanquished.

Vanquished Creatures (others)
  8 fungi (D:6)
8 creatures vanquished.

Grand Total: 148 creatures vanquished

Notes
Turn   | Place    | Note
-------+----------+-------------------------------------------
     0 | D:1      | djnw the Mummy Summoner began the quest for the Orb.
     0 | D:1      | Reached XP level 1. HP: 13/13 MP: 3/3
  1042 | D:2      | Reached XP level 2. HP: 19/19 MP: 0/5
  1046 | D:2      | Learned a level 2 spell: Call Imp
  1272 | D:2      | Found a burning altar of Makhleb.
  1290 | D:2      | Reached XP level 3. HP: 7/24 MP: 1/6
  1617 | D:2      | Found a bloodstained altar of Trog.
  1857 | D:2      | Reached skill level 4 in Summonings
  2467 | D:2      | Reached XP level 4. HP: 30/30 MP: 5/8
  2472 | D:2      | Learned a level 3 spell: Call Canine Familiar
  3165 | D:3      | Found a sacrificial altar of Ru.
  3588 | D:3      | Found a runed door.
  3741 | D:3      | Reached XP level 5. HP: 25/35 MP: 9/9
  3870 | D:3      | Noticed Crazy Yiuf
  3875 | D:3      | Killed Crazy Yiuf
  4119 | D:4      | Noticed a centaur
  4131 | D:4      | Killed a centaur
  4131 | D:4      | Reached skill level 5 in Summonings
  4666 | D:4      | Noticed an ogre
  4712 | D:4      | Killed an ogre
  4712 | D:4      | Reached XP level 6. HP: 41/41 MP: 2/11
  4719 | D:4      | Learned a level 4 spell: Summon Ice Beast
  5089 | D:5      | Entered Level 5 of the Dungeon
  5089 | D:5      | Noticed Edmund
  5100 | D:5      | Killed Edmund
  5127 | D:5      | Reached skill level 1 in Ice Magic
  5215 | D:5      | Found a glowing drain.
  5240 | Sewer    | Entered a sewer
  5338 | Sewer    | Reached XP level 7. HP: 46/46 MP: 3/13
  5679 | D:5      | Found a staircase to the Ecumenical Temple.
  5684 | Temple   | Entered the Ecumenical Temple
  5751 | Temple   | Became a worshipper of Sif Muna the Loreminder
  6097 | D:5      | Reached skill level 6 in Summonings
  6239 | D:5      | Found Sat Ifir's Armour Boutique.
  6364 | D:5      | Found a snail-covered altar of Cheibriados.
  6796 | D:6      | Found a glowing golden altar of the Shining One.
  7259 | D:6      | Noticed Grinder
  7306 | D:6      | Paralysed by Grinder for 5 turns
  7314 | D:6      | Killed Grinder
  7314 | D:6      | Reached * piety under Sif Muna
  7314 | D:6      | Reached XP level 8. HP: 41/52 MP: 2/15
  7352 | D:6      | Reached skill level 5 in Spellcasting
  7637 | D:6      | Found Akhloppus's Gadget Shop.
  7694 | D:6      | Reached skill level 7 in Summonings
  8069 | D:7      | HP: 1/52 [iguana (2)]
  8073 | D:7      | Slain by a hound zombie

Skill      XL: |  1  2  3  4  5  6  7  8 |
---------------+-------------------------+-----
Summonings     | 4 5 6 7 |  7.1
Spellcasting   | 3 4 5 |  5.2
Ice Magic      | 1 2 3 |  3.6
Dodging        | |  1.5
Stealth        | |  1.5

Action                   |  1- 3 |  4- 6 |  7- 9 || total
-------------------------+-------+-------+-------++-------
Melee: Unarmed           |    25 |       |       ||    25
       Short sword       |    49 |    22 |       ||    71
       Rapier            |       |   125 |   169 ||   294
 Cast: Summon Small Mamm |    12 |       |     1 ||    13
       Call Imp          |    19 |    27 |    20 ||    66
       Call Canine Famil |       |    21 |    18 ||    39
Evoke: Wand              |       |       |     2 ||     2
  Use: Scroll            |     5 |     6 |     1 ||    12
 Stab: Sleeping          |     2 |     1 |     1 ||     4
       Distracted        |     1 |     1 |     2 ||     4
       Confused          |       |       |     1 ||     1
Armor: Robe              |    18 |    61 |    60 ||   139
Dodge: Dodged            |    57 |   149 |   133 ||   339
Block: Other             |     4 |    15 |    14 ||    33
       Reflection        |       |       |     1 ||     1
